 Dungeon Crawl Stone Soup version 0.20.1-1-g8b1a95d (console) character file.

95 hilaritas the Chiller (level 4, -3/24 HPs)
             Began as a Deep Elf Ice Elementalist on Aug 28, 2017.
             Killed by miscasting Throw Icicle (27 damage)
             ... on level 4 of the Dungeon.
             The game lasted 00:06:34 (3911 turns).

hilaritas the Chiller (Deep Elf Ice Elementalist)   Turns: 3911, Time: 00:06:35

Health: -3/24      AC:  3    Str:  6    XL:     4   Next: 40%
Magic:  7/11       EV: 13    Int: 20    God:
Gold:   73         SH:  2    Dex: 15    Spells: 0/10 levels left

rFire    . . .     SeeInvis .   g - +1 dagger
rCold    . . .     Gourm    .   (no shield)
rNeg     . . .     Faith    .   a - +0 robe
rPois    .         Spirit   .   (no helmet)
rElec    .         Reflect  +   (no cloak)
rCorr    .         Harm     .   d - +0 pair of gloves
MR       .....                  (no boots)
Stlth    ++........             t - +2 amulet of reflection
Regen    0.1/turn               (no ring)
MPRegen  0.2/turn               (no ring)

@: very slightly contaminated
A: no striking features
a: no special abilities


You were on level 4 of the Dungeon.
You were very hungry.

You visited 1 branch of the dungeon, and saw 4 of its levels.

You collected 73 gold pieces.

Inventory:

Hand Weapons
 g - a +1 dagger (weapon)
Missiles
 j - 119 stones (quivered)
 s - 32 arrows
Armour
 a - a +0 robe (worn)
 d - a +0 pair of gloves (worn)
Jewellery
 t - a +2 amulet of reflection (around neck)
 y - an uncursed amulet of rage
Scrolls
 o - 2 scrolls of identify
Potions
 e - a potion of brilliance {unknown}
 f - a potion of lignification {unknown}
 i - a potion of mutation {unknown}
 k - a potion of might {unknown}
 l - a potion of magic {unknown}
 m - a potion of cancellation {unknown}
 p - a potion of heal wounds
 r - a potion of degeneration {unknown}
 w - 2 potions of haste
Books
 b - a book of Frost

   Spells                             Type                      Level
   a - Freeze                         Ice                          1
   b - Throw Frost                    Conjuration/Ice              2
   c - Ozocubu's Armour               Charms/Ice                   3
   d - Throw Icicle                   Conjuration/Ice              4
   e - Summon Ice Beast               Ice/Summoning                4
Comestibles
 c - 3 bread rations
 n - 2 fruits
 B - a meat ration


   Skills:
 - Level 2.4 Dodging
 - Level 2.4 Stealth
 * Level 3.6 Spellcasting
 - Level 2.2 Conjurations
 - Level 5.0 Ice Magic


You couldn't memorise any spells.
You knew the following spells:

 Your Spells              Type           Power        Failure   Level  Hunger
a - Freeze                Ice            ###.         1%          1    None
b - Throw Frost           Conj/Ice       ###...       4%          2    ##.....
c - Ozocubu's Armour      Chrm/Ice       ##......     14%         3    ###....
d - Throw Icicle          Conj/Ice       ###.....     28%         4    ####...


Dungeon Overview and Level Annotations

Branches:
Dungeon (4/15)
 Temple: D:4-7

Altars:
Dithmenos
Elyvilon


Message History

Wear which item? (? for menu, Esc to quit)
You start putting on your armour.
You continue putting on your pair of gloves. x4
You finish putting on your +0 pair of gloves.
e - a brown potion A water moccasin skeleton comes into view.
You open the door.
Found a white marble altar of Elyvilon.
The water moccasin skeleton is too close now for your liking.
Casting: Freeze
Confirm with . or Enter, or press ? or * to list all spells.
Aiming: Throw Icicle
Press: ? - help, Shift-Dir - straight line, f - water moccasin skeleton
Aim: a water moccasin skeleton You miscast Throw Icicle.
You are very lightly contaminated with residual magic.
You are caught in an explosion of ice and frost!
The explosion engulfs you!
Ouch! That really hurt!
You die...

* *,,,,,,,,,,,* *
*,.........,* *
#...........* *
##..........,* *
#..........#**
******#.........Z#
,,,,,,+..........#
******#..........###
* #.........@..# *
#............#
#.......###..#
#.......#_'..#
#.......###..#
######......##
###....# ###..# #..#


You could see a water moccasin skeleton.

Vanquished Creatures
  3 adders (D:3)
  An adder skeleton (D:4)
  2 worms
  2 dart slugs
  4 leopard geckos
  2 giant cockroaches
  6 goblins
  6 hobgoblins
  2 jackals (D:1)
  6 bats
  5 frilled lizards
  9 kobolds
  5 rats
53 creatures vanquished.

Notes
Turn   | Place    | Note
-------+----------+-------------------------------------------
     0 | D:1      | hilaritas the Deep Elf Ice Elementalist began the quest for the Orb.
     0 | D:1      | Reached XP level 1. HP: 10/10 MP: 6/6
   442 | D:1      | Reached XP level 2. HP: 15/15 MP: 6/8
   446 | D:1      | Learned a level 2 spell: Throw Frost
   477 | D:1      | Reached skill level 4 in Ice Magic
  1602 | D:2      | Reached XP level 3. HP: 19/19 MP: 7/9
  1610 | D:2      | Learned a level 3 spell: Ozocubu's Armour
  2155 | D:2      | Found a shadowy altar of Dithmenos.
  2911 | D:3      | Reached skill level 5 in Ice Magic
  2911 | D:3      | Reached XP level 4. HP: 23/24 MP: 6/10
  3513 | D:3      | Learned a level 4 spell: Throw Icicle
  3908 | D:4      | Found a white marble altar of Elyvilon.
  3911 | D:4      | Killed by miscasting Throw Icicle

Skill      XL: |  1  2  3 |
---------------+----------+-----
Ice Magic      | 4 5 |  5.0
Conjurations   | 2 |  2.2
Dodging        | |  2.4
Stealth        | |  2.4
Spellcasting   | |  3.6

Action                   |  1- 3 |  4- 6 || total
-------------------------+-------+-------++-------
Melee: Unarmed           |     2 |       ||     2
       Dagger            |     1 |    26 ||    27
 Cast: Freeze            |    70 |    22 ||    92
       Throw Frost       |       |     3 ||     3
  Use: Scroll            |       |     8 ||     8
       Potion            |       |     1 ||     1
  Eat: Chunk             |     5 |     2 ||     7
       Fruit             |     1 |       ||     1
Armor: Robe              |    10 |     3 ||    13
Dodge: Dodged            |    42 |    18 ||    60
Block: Other             |       |     2 ||     2
